 Dungeon Crawl Stone Soup version 0.27.0-1-g7a089689b8 (webtiles) character file.

Game seed: 12380956690125407249

42 Nereon the Chopper (level 3, -4/34 HPs)
             Began as a Hill Orc Berserker on Aug 3, 2021.
             Was a Believer of Trog.
             Slain by Robin (5 damage)
             ... on level 2 of the Dungeon.
             The game lasted 00:13:03 (1229 turns).

Nereon the Chopper (Hill Orc Berserker)             Turns: 1229, Time: 00:13:03

Health: -4/34      AC:  3    Str: 20    XL:     3   Next: 54%
Magic:  3/3        EV:  6    Int:  7    God:    Trog [**....]
Gold:   41         SH: 11    Dex: 10    Spells: 2/2 levels left

rFire    . . .     SeeInvis .   a - +0 hand axe
rCold    . . .     Faith    .   c - +0 tower shield
rNeg     . . .     Spirit   .   e - +0 leather armour
rPois    .         Reflect  .   (no helmet)
rElec    .         Harm     .   (no cloak)
rCorr    .         Rampage  .   (no gloves)
Will     ++...                  (no boots)
Stlth    +.........             (no amulet)
HPRegen  1.11/turn              (no ring)
MPRegen  0.08/turn              (no ring)

@: strong-willed, on berserk cooldown, regenerating, slowed, very slow
A: no striking features
a: Renounce Religion, Berserk, Trog's Hand


You were on level 2 of the Dungeon.
You worshipped Trog.
Trog was pleased with you.
You visited 1 branch of the dungeon, and saw 2 of its levels.

You collected 41 gold pieces.

Inventory:

Hand Weapons
 a - a +0 hand axe (weapon)
 g - a +0 hunting sling
 h - a +0 war axe
Armour
 c - a +0 tower shield (worn)
 e - a +0 leather armour (worn)
Potions
 d - a potion of degeneration {unknown}
 f - 2 potions of curing {unknown}


   Skills:
 + Level 4.4 Fighting
 + Level 4.8 Axes
 + Level 2.4 Armour
 - Level 1.5 Dodging
 + Level 0.1 Stealth
 + Level 0.4 Shields


You had 2 spell levels left.
You didn't know any spells.
Your spell library was empty.

Dungeon Overview and Level Annotations

Branches:
Dungeon (2/15)

Altars:

Shops:
D:1 (=[

Annotations:
D:2 Robin


Message History

The goblin hits you but does no damage.
Robin roars a battlecry!
The goblins go into a battle-frenzy!
You block the goblin's attack.
The goblin unwields a +0 dagger.
The goblin wields a +0 hunting sling.
The goblin shoots a stone.
The stone hits you but does no damage.
You closely miss the goblin.
The goblin is heavily wounded.
Robin hits you from afar with a +0 spear.
The goblin hits you with a +0 dagger. Robin throws the goblin at you!
The goblin unwields a +0 hunting sling.
The goblin wields a +0 dagger.
You block the goblin's attack. The goblin hits you but does no damage.
Robin hits you from afar with a +0 spear.
You hit the goblin.
The goblin is almost dead.
You barely miss the goblin. The goblin hits you with a +0 dagger.
The goblin barely misses you.
Robin hits you from afar with a +0 spear.
The goblin closely misses you. You block the goblin's attack.
Robin hits you from afar with a +0 spear.
* * * LOW HITPOINT WARNING * * *
The goblin hits you with a +0 dagger.
* * * LOW HITPOINT WARNING * * *
Your skin crawls.
You feel strong-willed. The goblin completely misses you.
Robin hits you from afar with a +0 spear.
* * * LOW HITPOINT WARNING * * *
You block the goblin's attack. The goblin hits you with a +0 dagger.
* * * LOW HITPOINT WARNING * * *
You closely miss the goblin.
The goblin is almost dead.
The gnoll shouts!
You hit the goblin.
You hear an angry hiss.
You block Robin's attack. You block the goblin's attack.
The goblin hits you with a +0 dagger.
* * * LOW HITPOINT WARNING * * *
Robin hits you from afar with a +0 spear.
You die...

####### ....... ###
....... ..# ....... #.#
.?...$. ##+#######.#####
.......
##.....<..#.#..)###.......
...............g@)g..)....
##........#.#.[g##g.......
#........#.#...##........
#........#.#...##........
#.^......#.#..)##g.######
#........#.#...##.g#
..........#.######gg#
#####..####.. ..gg


You could see Robin, a gnoll and 2 goblins.

Vanquished Creatures
  2 endoplasms (D:1)
  A giant cockroach (D:1)
  11 goblins
  6 hobgoblins
  5 ball pythons
  4 bats (D:1)
  A frilled lizard (D:1)
  3 kobolds (D:1)
  5 rats
38 creatures vanquished.

Notes
Turn   | Place    | Note
-------+----------+-------------------------------------------
     0 | D:1      | Nereon the Hill Orc Berserker began the quest for the Orb.
     0 | D:1      | Reached XP level 1. HP: 19/19 MP: 1/1
   187 | D:1      | Found Zeycom's Antique Armour Shoppe.
   197 | D:1      | Found Neav's Jewellery Emporium.
   268 | D:1      | Reached XP level 2. HP: 25/27 MP: 2/2
   632 | D:1      | Reached ** piety under Trog
   681 | D:1      | Found Kyx Naul's Weapon Emporium.
   701 | D:1      | Reached XP level 3. HP: 33/33 MP: 3/3
  1207 | D:2      | Noticed Robin
  1228 | D:2      | HP: 1/34 [goblin[Robin] (1)]
  1229 | D:2      | Slain by Robin

Illustrated notes

Levels and vault maps discovered:
D:1:      lightli_arrival_statue_moat, layout_basic, serial_shops, shop, shop,
          shop
D:2:      layout_basic, shapermc_ecumenical_altar_rom_forum,
          minmay_quadrilaterals, uniq_jessica, uniq_robin, uniq_sigmund

Skill      XL: |  1 |
---------------+----+-----
Fighting       | 4 |  4.4
Axes           | |  4.8
Armour         | |  2.4
Dodging        | |  1.5
Stealth        | |  0.1
Shields        | |  0.4

Action                   || total
-------------------------++-------
Melee: Hand axe          ||    90
Invok: Berserk           ||     4
       Trog's Hand       ||     2
Armor: Leather armour    ||    37
Dodge: Dodged            ||    36
Block: Tower shield      ||    52
